Workbook

Sheet INSTRUCTIONS
B14: PRICING SUBMISSION
B17: RFP NO: | E17: 3781/07/10/2026
B19: RFP NAME: | E19: Supply,Delivery, Installation and Commissioning of Parallel File System Storage hardware, software maintenance and support for a three (3) year period
B21: BIDDER NAME
B25: Intsructions:
B26: 1. Bidders must quote for all line items on each option.
B27: 2. Bidder must quote for all seven (7) options. Bidders who fail to quote on all seven (7) options will be disqualified - Option 1: 1.0 PB total physical storage - Option 2: 1.25 PB total physical storage - Option 3: 1.5 PB total physical storage - Option 4: 1.75 PB total physical storage - Option 5: 2.0 PB total physical storage - Option 6: 2.2 PB total physical storage - Option 7: 2.4 PB total physical storage
B28: 3. Prices will be firm and valid for the duration of the contract period
B29: 4. Support and Licences is required for three (3) years and must be quoted for.
B30: 5. This spreadsheet summarises the pricing from bidders. Bidders must additionally provide a detailed BOM pricing.
B31: 6.The CSIR will withhold 10% of the total contract value until the bidder has demonstrated, to the satisfaction of the CSIR/CHPC, that all mandatory performance, functionality, stability, availability, and integration requirements specified in this RFP have been successfully met. The retained 10% will be paid only after the CSIR/CHPC has provided final acceptance and sign-off, confirming that the PFS system is fully compliant with all requirements.

Sheet Option 1 - 1 PB
B7: Option 1 | C7: Option 1: 1.0 PB total physical storage
B8: RFP No. | C8: 3781/07/10/2026
B9: Bidder's Name
B12: Description | C12: Prices in RAND Excluding VAT | D12: Prices in RAND Including VAT | E12: Comments and Notes
B13: Hardware
B14: Software
B15: Licences for three (3) years
B16: Supply and Delivery of equipment
B17: Installation and commissioning
B18: Training
B19: Support and Maintenance for three (3) years
B20: Total | C20: =SUM(C13:C19) -> 0 | D20: =SUM(D13:D19) -> 0
B23: *Trade Discount % on published rates
B24: *Settlement Discount %
B26: Definition of discounts
B27: A settlement discount is where a business offers the CSIR a discount when an invoice is paid on time or within 45 days from receipt of statement.
B28: A trade discount is defined as a type of discount that is immediately deducted from the retail or proposal price of an item.

Sheet Option 2 - 1.25 PB
B8: Option 2 | C8: Option 2: 1.25 PB total physical storage
B9: RFP No. | C9: 3781/07/10/2026
B10: Bidder's Name | C10: =INSTRUCTIONS!E21 -> 0
B13: Description | C13: Prices in RAND Excluding VAT | D13: Prices in RAND Including VAT | E13: Comments and Notes
B14: Hardware
B15: Software
B16: Licences for three (3) years
B17: Supply and Delivery of equipment
B18: Installation and commissioning
B19: Training
B20: Support and Maintenance for three (3) years
B21: Total | C21: =SUM(C14:C20) -> 0 | D21: =SUM(D14:D20) -> 0
B23: *Trade Discount % on published rates
B24: *Settlement Discount %
B26: Definition of discounts
B27: A settlement discount is where a business offers the CSIR a discount when an invoice is paid on time or within 45 days from receipt of statement.
B28: A trade discount is defined as a type of discount that is immediately deducted from the retail or proposal price of an item.

Sheet Option 3 - 1.5 PB
B8: Option 3 | C8: Option 3: 1.5 PB total physical storage
B9: RFP No. | C9: 3781/07/10/2026
B10: Bidder's Name | C10: =INSTRUCTIONS!E21 -> 0
B13: Description | C13: Prices in RAND Excluding VAT | D13: Prices in RAND Including VAT | E13: Comments and Notes
B14: Hardware
B15: Software
B16: Licences for three (3) years
B17: Supply and Delivery of equipment
B18: Installation and commissioning
B19: Training
B20: Support and Maintenance for three (3) years
B21: Total | C21: =SUM(C14:C20) -> 0 | D21: =SUM(D14:D20) -> 0
B24: *Trade Discount % on published rates
B25: *Settlement Discount %
B27: Definition of discounts
B28: A settlement discount is where a business offers the CSIR a discount when an invoice is paid on time or within 45 days from receipt of statement.
B29: A trade discount is defined as a type of discount that is immediately deducted from the retail or proposal price of an item.

Sheet Option 4 - 1.75 PB
B8: Option 3 | C8: Option 4: 1.75 PB total physical storage
B9: RFP No. | C9: 3781/07/10/2026
B10: Bidder's Name | C10: =INSTRUCTIONS!E21 -> 0
B13: Description | C13: Prices in RAND Excluding VAT | D13: Prices in RAND Including VAT | E13: Comments and Notes
B14: Hardware
B15: Software
B16: Licences for three (3) years
B17: Supply and Delivery of equipment
B18: Installation and commissioning
B19: Training
B20: Support and Maintenance for three (3) years
B21: Total | C21: =SUM(C14:C20) -> 0 | D21: =SUM(D14:D20) -> 0
B24: *Trade Discount % on published rates
B25: *Settlement Discount %
B27: Definition of discounts
B28: A settlement discount is where a business offers the CSIR a discount when an invoice is paid on time or within 45 days from receipt of statement.
B29: A trade discount is defined as a type of discount that is immediately deducted from the retail or proposal price of an item.

Sheet Option 5 - 2 PB
B8: Option 3 | C8: Option 5: 2 PB total physical storage
B9: RFP No. | C9: 3781/07/10/2026
B10: Bidder's Name | C10: =INSTRUCTIONS!E21 -> 0
B13: Description | C13: Prices in RAND Excluding VAT | D13: Prices in RAND Including VAT | E13: Comments and Notes
B14: Hardware
B15: Software
B16: Licences for three (3) years
B17: Supply and Delivery of equipment
B18: Installation and commissioning
B19: Training
B20: Support and Maintenance for three (3) years
B21: Total | C21: =SUM(C14:C20) -> 0 | D21: =SUM(D14:D20) -> 0
B24: *Trade Discount % on published rates
B25: *Settlement Discount %
B27: Definition of discounts
B28: A settlement discount is where a business offers the CSIR a discount when an invoice is paid on time or within 45 days from receipt of statement.
B29: A trade discount is defined as a type of discount that is immediately deducted from the retail or proposal price of an item.

Sheet Option 6 - 2.2 PB
B8: Option 3 | C8: Option 6: 2.2 PB total physical storage
B9: RFP No. | C9: 3781/07/10/2026
B10: Bidder's Name | C10: =INSTRUCTIONS!E21 -> 0
B13: Description | C13: Prices in RAND Excluding VAT | D13: Prices in RAND Including VAT | E13: Comments and Notes
B14: Hardware
B15: Software
B16: Licences for three (3) years
B17: Supply and Delivery of equipment
B18: Installation and commissioning
B19: Training
B20: Support and Maintenance for three (3) years
B21: Total | C21: =SUM(C14:C20) -> 0 | D21: =SUM(D14:D20) -> 0
B24: *Trade Discount % on published rates
B25: *Settlement Discount %
B27: Definition of discounts
B28: A settlement discount is where a business offers the CSIR a discount when an invoice is paid on time or within 45 days from receipt of statement.
B29: A trade discount is defined as a type of discount that is immediately deducted from the retail or proposal price of an item.

Sheet Option 7 - 2.4 PB
B8: Option 3 | C8: Option 7: 2.4 PB total physical storage
B9: RFP No. | C9: 3781/07/10/2026
B10: Bidder's Name | C10: =INSTRUCTIONS!E21 -> 0
B13: Description | C13: Prices in RAND Excluding VAT | D13: Prices in RAND Including VAT | E13: Comments and Notes
B14: Hardware
B15: Software
B16: Licences for three (3) years
B17: Supply and Delivery of equipment
B18: Installation and commissioning
B19: Training
B20: Support and Maintenance for three (3) years
B21: Total | C21: =SUM(C14:C20) -> 0 | D21: =SUM(D14:D20) -> 0
B24: *Trade Discount % on published rates
B25: *Settlement Discount %
B27: Definition of discounts
B28: A settlement discount is where a business offers the CSIR a discount when an invoice is paid on time or within 45 days from receipt of statement.
B29: A trade discount is defined as a type of discount that is immediately deducted from the retail or proposal price of an item.

Sheet Leadtime
B8: Delivery lead time of the Parallel File System Storage Hardware
B9: RFP No. | C9: 3781/07/10/2026
B10: Bidder's Name | C10: =INSTRUCTIONS!E21 -> 0
B13: Confirm Delivery lead time of the Parallel File System Storage Hardware in weeks to the CSIR Rosebank Campus in Cape Town.
